 Dungeon Crawl Stone Soup version 0.21-a0-278-ga722497 (webtiles) character file.

4739 woofwoof the Grappler (level 10, -2/106 HPs)
             Began as a Troll Monk on Sept 22, 2017.
             Was a Believer of Ru.
             Slain by a two-headed ogre
             ... wielding a +0 dire flail
              (9 damage)
             ... on level 8 of the Dungeon.
             The game lasted 00:15:15 (7926 turns).

woofwoof the Grappler (Troll Monk)                  Turns: 7926, Time: 00:15:16

Health: -2/106     AC:  8    Str: 24    XL:     10   Next: 22%
Magic:  18/18      EV:  9    Int:  6    God:    Ru [**....]
Gold:   174        SH:  0    Dex: 12    Spells: 9/9 levels left

rFire    . . .     SeeInvis .     - Unarmed
rCold    . . .     Gourm    +   (no shield)
rNeg     . . .     Faith    .   K - +2 robe {MR+}
rPois    .         Spirit   .   (helmet restricted)
rElec    .         Reflect  .   L - +0 cloak
rCorr    .         Harm     .   (gloves unavailable)
MR       +....                  (boots unavailable)
Stlth    ++........             (no amulet)
HPRegen  0.67/turn              q - ring of magical power
MPRegen  0.16/turn              (no ring)

@: no status effects
A: unfitting armour, claws 3, fast metabolism 3, gourmand, regeneration 1,
shaggy fur 1, tough skin 2, inability to train dodging, missing an eye
a: Renounce Religion


You were on level 8 of the Dungeon.
You worshipped Ru.
Ru was pleased with you.
You were very full.

You visited 2 branches of the dungeon, and saw 9 of its levels.

You collected 394 gold pieces.
You spent 220 gold pieces at shops.

Inventory:

Hand Weapons
 e - a +2 mace of holy wrath
 l - a +0 blowgun
 m - a +0 hunting sling
Missiles
 d - 56 sling bullets
 n - 213 stones (quivered)
 p - 60 poisoned needles
 z - 30 bolts
 E - a throwing net
Armour
 a - a +0 robe
 K - a +2 robe of magic resistance (worn)
 L - a +0 cloak (worn)
Jewellery
 q - a ring of magical power (left claw)
 r - a cursed amulet of inaccuracy {unknown}
 A - an uncursed amulet of harm {unknown}
 J - an uncursed ring of stealth {unknown}
Wands
 y - a wand of iceblast (5/15)
Scrolls
 c - a scroll of recharging {unknown}
 g - 4 scrolls of enchant armour {unknown}
 h - 2 scrolls of amnesia {unknown}
 j - 6 scrolls of identify {unknown}
 k - a scroll of blinking {unknown}
 o - 2 scrolls of random uselessness {unknown}
 u - 3 scrolls of remove curse {unknown}
 v - 3 scrolls of fog {unknown}
 w - 2 scrolls of teleportation {unknown}
 x - 2 scrolls of enchant weapon {unknown}
 H - a scroll of holy word {unknown}
 M - a scroll of vulnerability {unknown}
Potions
 i - a potion of might
 s - 3 potions of degeneration {unknown}
 B - a potion of haste {unknown}
 N - a potion of invisibility {unknown}
 O - a potion of agility {unknown}
Books
 C - a book of Maledictions

   Spells                             Type                      Level
   a - Corona                         Hexes                        1
   b - Ensorcelled Hibernation        Hexes/Ice                    2
   c - Confuse                        Hexes                        3
   d - Tukima's Dance                 Hexes                        3
   e - Dazzling Spray                 Conjuration/Hexes            3
Comestibles
 b - 8 bread rations
 f - 3 meat rations
 D - 7 fruits
 F - 6 royal jellies


   Skills:
 * Level 8.8 Fighting
 - Level 1.0 Stealth
 * Level 11.5 Unarmed Combat


You had 9 spell levels left.
You didn't know any spells.

Dungeon Overview and Level Annotations

Branches:
Dungeon (8/15)             Temple (1/1) D:4
   Lair: D:8-11

Altars:
Ashenzari
Cheibriados
Dithmenos
Elyvilon
Fedhas
Gozag
Hepliaklqana
Makhleb
Qazlal
Ru
Uskayaw
Vehumet
Wu Jian
Xom
Yredelemnul
Zin
The Shining One

Shops:
D:6 }   D:7 [


Innate Abilities, Weirdness & Mutations

You are too large for most types of armour.
You have claws for hands.
Your metabolism is lightning-fast.
You like to eat raw meat.
Your natural rate of healing is unusually fast.
You are covered in fur. (AC +1)
You have very tough skin. (AC +2)
You cannot train Dodging skill.
You are missing an eye, making it more difficult to aim.


Message History

The two-headed ogre hits you with a dire flail!
* * * LOW HITPOINT WARNING * * *
The two-headed ogre hits you with a giant club!
* * * LOW HITPOINT WARNING * * *
Unknown command.
The worker ant closely misses you.
Okay, then.
Okay, then.
The worker ant bites you.
* * * LOW HITPOINT WARNING * * *
Okay, then.
Unknown command.
Unknown command.
Okay, then.
Unknown command.
You feel better. The worker ant bites you.
* * * LOW HITPOINT WARNING * * *
The two-headed ogre closely misses you.
The two-headed ogre hits you with a giant club!
You die...

..............................
................>.............
..............................
...........................<..
.(...(........................
..............................
...(..........................
............O.................
...........aa@...#............
.................#............
.....########...#............
.... #...############# ..
#...# #...# #####


You could see a two-headed ogre and 2 worker ants.

Vanquished Creatures
  The ghost of grom234 the Fighter, a novice HOFi (D:7)
  The ghost of grisnicke the Slasher, a novice HuWn (D:5)
  Pikel (D:4)
  Prince Ribbit (D:6)
  Sigmund (D:4)
  2 yaks (D:7)
  2 hogs (D:7)
  Eustachio (D:4)
  A human (D:7)
  Menkaure (D:6)
  A slave (D:4)
  An orc warrior (D:7)
  3 phantoms
  A necrophage (D:7)
  3 ogres
  A centaur (D:5)
  A bullfrog (D:7)
  A scorpion (D:5)
  2 crimson imps
  2 hounds
  A quasit (D:5)
  6 orc priests
  3 bullfrog skeletons
  A gnoll shaman (D:5)
  4 orc wizards
  3 iguanas
  2 worker ants
  A howler monkey zombie (D:5)
  10 adders
  5 gnolls (D:5)
  A shadow imp (D:6)
  An adder zombie (D:7)
  2 adder skeletons
  5 worms
  4 leopard geckos
  30 orcs
  2 ball pythons
  8 bats
  9 giant cockroaches
  13 hobgoblins
  15 jackals
  6 quokkas
  2 frilled lizards (D:2)
  4 goblins
  6 kobolds
  A leopard gecko skeleton (D:5)
  A leopard gecko zombie (D:5)
  A quokka skeleton (D:4)
  6 rats
181 creatures vanquished.

Vanquished Creatures (others)
  A leopard gecko (D:7)
  3 orcs (D:4)
4 creatures vanquished.

Grand Total: 185 creatures vanquished

Notes
Turn   | Place    | Note
-------+----------+-------------------------------------------
     0 | D:1      | woofwoof the Troll Monk began the quest for the Orb.
     0 | D:1      | Reached XP level 1. HP: 22/22 MP: 0/0
   124 | D:1      | Reached XP level 2. HP: 29/29 MP: 1/1
   862 | D:1      | Reached XP level 3. HP: 34/36 MP: 2/2
  1009 | D:2      | Reached skill level 4 in Unarmed Combat
  1230 | D:2      | Found a burning altar of Makhleb.
  1435 | D:2      | Reached XP level 4. HP: 45/45 MP: 3/3
  2134 | D:3      | Reached XP level 5. HP: 45/53 MP: 4/4
  2139 | D:3      | Reached skill level 5 in Unarmed Combat
  2770 | D:4      | Noticed Eustachio
  2801 | D:4      | Killed Eustachio
  2801 | D:4      | Reached skill level 6 in Unarmed Combat
  2801 | D:4      | Reached XP level 6. HP: 57/62 MP: 5/5
  2846 | D:4      | Reached XP level 7. HP: 44/71 MP: 6/6
  2860 | D:4      | Noticed Pikel
  2951 | D:4      | Killed Pikel
  2951 | D:4      | Reached skill level 5 in Fighting
  2951 | D:4      | Reached skill level 7 in Unarmed Combat
  3001 | D:4      | Reached skill level 8 in Unarmed Combat
  3052 | D:4      | Noticed Sigmund
  3057 | D:4      | Killed Sigmund
  3057 | D:4      | Reached XP level 8. HP: 80/80 MP: 7/7
  3142 | D:4      | Found a staircase to the Ecumenical Temple.
  3152 | Temple   | Entered the Ecumenical Temple
  3329 | Temple   | Became a worshipper of Ru the Awakened
  3345 | D:4      | Gained mutation: You are missing an eye, making it more difficult to aim. [Ru sacrifice]
  3345 | D:4      | Reached * piety under Ru
  4030 | D:5      | Entered Level 5 of the Dungeon
  4083 | D:5      | Noticed grisnicke's ghost (novice HuWn)
  4115 | D:5      | Killed grisnicke's ghost
  4115 | D:5      | Reached skill level 9 in Unarmed Combat
  4118 | D:5      | Reached XP level 9. HP: 92/92 MP: 8/8
  4457 | D:5      | Reached skill level 10 in Unarmed Combat
  5500 | D:6      | Noticed Prince Ribbit
  5531 | D:6      | Killed Prince Ribbit
  5686 | D:6      | Found Teeq's Gadget Boutique.
  5999 | D:6      | Noticed Menkaure
  6005 | D:6      | Killed Menkaure
  6269 | D:7      | Gained mutation: You cannot train Dodging skill. [Ru sacrifice]
  6269 | D:7      | Reached ** piety under Ru
  6367 | D:7      | Noticed grom234's ghost (novice HOFi)
  6397 | D:7      | Killed grom234's ghost
  6401 | D:7      | Reached skill level 11 in Unarmed Combat
  6704 | D:7      | Found Cipamoa's Antique Armour Boutique.
  6711 | D:7      | Bought a runed robe for 99 gold pieces
  6711 | D:7      | Bought a cloak for 121 gold pieces
  7080 | D:7      | Reached XP level 10. HP: 79/106 MP: 9/9
  7909 | D:8      | Noticed a two-headed ogre
  7919 | D:8      | HP: 4/106 [two-headed ogre/dire flail (7)]
  7925 | D:8      | HP: 4/106 [worker ant (5)]
  7926 | D:8      | Slain by a two-headed ogre

Vault maps used:
D:1:      dpeg_arrival_prison, hangedman_decor_slide_cut
D:2:      overflow_temple_1_default
D:3:      cheibrodos_pilgrimage, grunt_ministairs_4
D:4:      minmay_opposing_rooms, minmay_temple_entry_crystal_x,
          corexii_item_surrounded_by_moat, st_stairs_12,
          nicolae_zen_rock_garden, uniq_eustachio, uniq_sigmund, uniq_pikel
D:5:      first_bread
D:6:      serial_shops, shop, uniq_menkaure, uniq_prince_ribbit1
D:7:      serial_glass, glass_columns_a, glass_columns_a,
          minmay_strange_pillars, serial_shops, shop, grunt_livestock
D:8:      chequers_temple_overflow_minitemple, uniq_psyche
Temple:   eino_temple_rhombus

Skill      XL: |  1  2  3  4  5  6  7  8  9 |
---------------+----------------------------+-----
Fighting       | 3 4 5 6 8 |  8.8
Unarmed Combat | 4 6 8 9 11 | 11.5
Dodging        | 0 |  0.0
Stealth        | |  1.0

Action                   |  1- 3 |  4- 6 |  7- 9 | 10-12 || total
-------------------------+-------+-------+-------+-------++-------
Melee: Unarmed           |   117 |   133 |   276 |    75 ||   601
       Punch             |     2 |     4 |    11 |     3 ||    20
Throw: Large rock        |       |       |     2 |     2 ||     4
       Stone             |       |       |     1 |       ||     1
Invok: Sacrifice an Eye  |       |       |     1 |       ||     1
       Sacrifice Nimblen |       |       |     1 |       ||     1
Evoke: Wand              |       |       |     1 |       ||     1
  Use: Potion            |       |       |     8 |     2 ||    10
 Stab: Sleeping          |     3 |     4 |     2 |       ||     9
       Distracted        |       |       |       |     1 ||     1
  Eat: Chunk             |    19 |    10 |    35 |     9 ||    73
       Bread ration      |       |       |     1 |       ||     1
Armor: Robe              |    41 |    40 |    60 |    14 ||   155
Dodge: Dodged            |    73 |    60 |   128 |    36 ||   297

Table legend:
 A = Spawn XP
 B = Non-spawn XP
 C = Spawn XP percentage of total XP
 D = Spawn monster count
 E = Non-spawn monster count
 F = Spawn count percentage of total count
 G = Total turns spent on level
                    A         B        C        D         E        F      G
               +---------+---------+-------+---------+---------+-------+---------
         Total |       0 |    6771 |   0.0 |       0 |     180 |   0.0 |  7926
               +---------+---------+-------+---------+---------+-------+---------
           D:1 |       0 |      42 |   0.0 |       0 |      26 |   0.0 |   932
           D:2 |       0 |      78 |   0.0 |       0 |      26 |   0.0 |   916
           D:3 |       0 |     173 |   0.0 |       0 |      26 |   0.0 |   863
           D:4 |       0 |    1656 |   0.0 |       0 |      33 |   0.0 |  1131
           D:5 |       0 |    1516 |   0.0 |       0 |      24 |   0.0 |  1069
           D:6 |       0 |     507 |   0.0 |       0 |      10 |   0.0 |  1116
           D:7 |       0 |    2757 |   0.0 |       0 |      34 |   0.0 |  1640
           D:8 |       0 |      42 |   0.0 |       0 |       1 |   0.0 |    71
               +---------+---------+-------+---------+---------+-------+---------
